Sewer Rats vs Gangsters (R1)

Created - March 26, 2020 at 19:01

Goals
1 2 3 T
Sewer Rats 1 2 0 3
Gangsters 1 3 1 5
Shots
1 2 3 T
Sewer Rats 15 7 12 34
Gangsters 4 16 11 31

1st period

1. Gangsters , Stefan Noesen 16 (Jacob Middleton 1) at 5:51
2. Sewer Rats , Tomas Tatar 33 (Vincent Trocheck 58, John Ramage 13) at 14:19

Penalties :
Phillip Danault (Bro) for Interference (Minor) at 1:59, David Pope (Bro) for Tripping (Minor) at 6:35, Dmitrij Jaskin (Tol) for Hooking (Minor) at 17:58

2nd period

3. Gangsters , Derrick Pouliot 3 (Devante Smith-Pelly 40, Steven Santini 3) at 9:47 (PP)
4. Sewer Rats , Joseph Blandisi 12 (Erik Condra 36, Nick Cousins 30) at 11:38
5. Gangsters , Devante Smith-Pelly 32 (Steven Santini 4, Seth Griffith 31) at 13:41
6. Sewer Rats , Tomas Tatar 34 (Stefan Elliott 35, Jarred Tinordi 27) at 17:29 (PP)
7. Gangsters , Seth Griffith 30 (Devante Smith-Pelly 41, Steven Santini 5) at 18:52

Penalties :
Jacob Middleton (Bro) for High sticking (Double Minor) at 2:12, Steven Kampfer (Tol) for Hooking (Minor) at 7:53, Phillip Danault (Bro) for Hooking (Minor) at 16:57

3rd period

8. Gangsters , David Pope 20 (Devante Smith-Pelly 42, Seth Griffith 32) at 1:29 (PP)

Penalties :
Stefan Elliott (Tol) for Interference (Minor) at 0:57, Erik Condra (Tol) for Hooking (Minor) at 5:09, Adam Lowry (Bro) for Roughing (Minor) at 7:09, Devante Smith-Pelly (Bro) for Hooking (Minor) at 13:09, Connor Chatam (Bro) for Interference (Minor) at 16:19, Joel Edmundson (Tol) for Kneeing (Minor) at 19:56

Goalie Stats

Darcy Kuemper (Tol), 8 saves from 8 shots - (1.000), 18:31 minutes
Marek Mazanek (Tol), 18 saves from 23 shots - (0.783), L, 30-14-4, 41:29 minutes
Dustin Tokarski (Bro), 31 saves from 34 shots - (0.912), W, 27-20-2, 60:00 minutes

Players Stats for Sewer Rats

Player Name              G  A  P  +/- PIM S  H  SB GA TA FO     MP     PP MP  PK MP  
------------------------------------------------------------------------------------
Anthony Duclair          0  0  0  -1  0   2  0  0  0  0  0/0     5:47   0:00   0:00 
Connor Carrick           0  0  0   0  0   0  1  0  0  0  0/0     3:29   0:10   0:00 
Daniel Carr              0  0  0  -2  0   2  1  1  0  1  2/4    17:59   6:25   0:35 
Dmitrij Jaskin           0  0  0  -1  2   2  0  0  1  0  1/1     7:56   1:17   0:00 
Erik Condra              0  1  1   1  2   5  0  1  0  0  1/2    10:27   1:42   0:00 
Jared McCann             0  0  0   0  0   0  0  0  0  0  0/0     0:00   0:00   0:00 
Jarred Tinordi           0  1  1  -1  0   0  0  0  1  0  0/0    28:39   7:35   4:01 
Joel Edmundson           0  0  0   1  2   2  1  0  0  0  0/0    21:10   6:41   2:23 
John Ramage              0  1  1  -1  0   0  1  2  0  0  0/0     7:25   0:00   0:47 
Jonathan Marchessault    0  0  0  -2  0   4  1  0  0  0  4/8    17:24   6:25   0:00 
Jonathan Racine          0  0  0   0  0   0  0  0  0  0  0/0     0:30   0:10   0:00 
Joseph Blandisi          1  0  1   1  0   2  0  0  0  0  0/0     8:13   0:18   0:00 
Josh Archibald           0  0  0   0  0   0  0  0  0  0  0/0     1:05   0:33   0:00 
Luke Witkowski           0  0  0  -2  0   1  1  0  2  1  0/1    21:39   6:25   4:15 
Mark Mancari             0  0  0   1  0   2  2  1  2  2  4/12   24:28   6:38   4:15 
Matteson Iacopelli       0  0  0   0  0   0  0  0  0  0  0/0     0:00   0:00   0:00 
Michael Dal Colle        0  0  0   0  0   0  0  0  0  0  0/0     0:00   0:00   0:00 
Nick Cousins             0  1  1   1  0   0  1  0  0  0  3/4     8:48   0:00   0:35 
Ryan Murphy              0  0  0  -1  0   0  0  0  0  1  0/0     6:38   0:00   0:00 
Stefan Elliott           0  1  1  -1  2   1  3  2  0  4  0/0    28:20   7:35   3:43 
Steven Kampfer           0  0  0   1  2   4  2  0  1  0  0/0    20:47   6:41   2:00 
Tomas Tatar              2  0  2   1  0   6  2  1  1  1  3/5    21:58   6:48   1:37 
Tyler Motte              0  0  0  -1  0   0  0  0  0  0  3/4     5:47   0:00   0:00 
Vincent Trocheck         0  1  1   1  0   1  2  0  0  0  14/31  22:00   6:47   1:37 
Xavier Ouellet           0  0  0   0  0   0  0  0  0  0  0/0     2:59   0:00   0:00 

Players Stats for Gangsters

Player Name              G  A  P  +/- PIM S  H  SB GA TA FO     MP     PP MP  PK MP  
------------------------------------------------------------------------------------
Adam Lowry               0  0  0   0  2   0  0  2  0  0  0/1     9:14   0:00   0:00 
Connor Chatam            0  0  0   0  2   0  0  0  0  0  1/1     0:48   0:00   0:00 
David Pope               1  0  1   2  2   2  0  0  1  0  1/2    17:57   3:57   0:17 
Derrick Pouliot          1  0  1   1  0   1  1  4  0  1  0/0    20:07   2:24   6:35 
Devante Smith-Pelly      1  3  4   2  2   8  1  1  1  1  6/9    23:30   3:57   5:47 
Jacob Middleton          0  1  1   1  4   0  0  0  0  0  0/0     4:06   0:00   0:00 
Jake Marchment           0  0  0  -1  0   0  0  0  0  0  0/3     5:43   0:00   0:00 
Jonas Brodin             0  0  0   0  0   3  2  0  0  1  0/0    28:03   4:03   7:31 
Jordan Subban            0  0  0  -1  0   0  0  0  0  0  0/0     8:14   0:00   0:31 
Joshua Jacobs            0  0  0   1  0   0  0  0  0  1  0/0     4:48   0:00   0:12 
Julius Vahatalo          0  0  0  -1  0   0  1  0  0  0  0/0     5:43   0:00   0:00 
Kevin Roy                0  0  0   0  0   1  0  0  0  1  9/15   12:26   2:30   0:24 
Morgan Ellis             0  0  0   0  0   3  1  3  2  1  0/0    28:00   4:03   7:28 
Phillip Danault          0  0  0   0  4   0  4  1  0  1  0/0    14:47   2:30   2:22 
Richard Panik            0  0  0   0  0   3  1  0  2  1  1/1    19:59   2:30   7:24 
Ryan Culkin              0  0  0  -1  0   1  0  1  1  0  0/0     6:54   0:00   0:00 
Samuel Blais             0  0  0   0  0   1  1  0  0  0  2/3    12:02   0:00   2:50 
Sebastian Collberg       0  0  0  -1  0   0  0  0  0  0  1/1     5:46   0:00   0:00 
Seth Griffith            1  2  3   2  0   4  2  1  2  0  14/32  23:29   3:57   5:45 
Stefan Noesen            1  0  1   0  0   2  2  0  1  0  2/4    13:44   0:00   4:03 
Steven Santini           0  3  3   1  0   2  0  3  0  0  0/0    20:07   2:24   6:35 

3 Stars

1 - Seth Griffith (Bro)
2 - Devante Smith-Pelly (Bro)
3 - Tomas Tatar (Tol)

Power Play

Sewer Rats - 1 on 8 Attempt(s) - 12.50%
Gangsters - 2 on 5 Attempt(s) - 40.00%

Penalty Kill

Sewer Rats - 3 on 5 Attempt(s) - 60.00% - Score 0 goal in Penalty Kill
Gangsters - 7 on 8 Attempt(s) - 87.50% - Score 0 goal in Penalty Kill

Team Stat

Sewer Rats - Hits : 18 - Faceoff Wins : 35 - Blocked Shots : 8 - Penalty Minutes : 10
Gangsters - Hits : 16 - Faceoff Wins : 37 - Blocked Shots : 16 - Penalty Minutes : 16

Official

Referees : Unknown
Linesman : Unknown

Game Notes

Darcy Kuemper enters game at 1:29 of 3rd period

Finance

Level 1 -- Attendance: 1415 (70.75%) -- Ticket Income $56,600
Level 2 -- Attendance: 644 (64.40%) -- Ticket Income $12,880
Total Attendance: 2059 (68.63%)
Total Ticket Income: $69,480
Other Income: $3,474
Total Income: $72,954

Sewer Rats

5 vs 5 Forward 
   Center                   Left Wing                Right Wing               Time % Phy DF OF 
 1 Vincent Trocheck         Tomas Tatar              Mark Mancari             40     1   2  2  
 2 Jonathan Marchessault    Daniel Carr              Luke Witkowski           30     1   2  2  
 3 Nick Cousins             Joseph Blandisi          Erik Condra              20     1   2  2  
 4 Tyler Motte              Anthony Duclair          Dmitrij Jaskin           10     1   2  2  

5 vs 5 Defense 
   Defense                  Defense                                           Time % Phy DF OF 
 1 Stefan Elliott           Jarred Tinordi                                    40     1   2  2  
 2 Steven Kampfer           Joel Edmundson                                    30     1   2  2  
 3 John Ramage              Ryan Murphy                                       20     1   2  2  
 4 Connor Carrick           Xavier Ouellet                                    10     1   2  2  

PowerPlay Forward 
   Center                   Left Wing                Right Wing               Time % Phy DF OF 
 1 Vincent Trocheck         Tomas Tatar              Mark Mancari             60     1   2  2  
 2 Jonathan Marchessault    Daniel Carr              Luke Witkowski           40     1   2  2  

PowerPlay Defense
   Defense                  Defense                                           Time % Phy DF OF 
 1 Stefan Elliott           Jarred Tinordi                                    60     1   2  2  
 2 Steven Kampfer           Joel Edmundson                                    40     1   2  2  

Penalty Kill 4 Players Forward 
   Center                   Wing                     Time % Phy DF OF 
 1 Mark Mancari             Luke Witkowski           60     1   2  2  
 2 Tomas Tatar              Vincent Trocheck         40     1   2  2  

Penalty Kill 4 Players Defense
   Defense                  Defense                  Time % Phy DF OF 
 1 Stefan Elliott           Jarred Tinordi           60     1   2  2  
 2 Steven Kampfer           Joel Edmundson           40     1   2  2  

Penalty Kill - 3 Players Forward 
   Forward                                           Time % Phy DF OF 
 1 Mark Mancari                                      60     1   2  2  
 2 Luke Witkowski                                    40     1   2  2  

Penalty Kill - 3 Players Defense
   Defense                  Defense                  Time % Phy DF OF 
 1 Stefan Elliott           Jarred Tinordi           60     1   2  2  
 2 Steven Kampfer           Joel Edmundson           40     1   2  2  

4 vs 4 Forward 
   Center                   Wing                     Time % Phy DF OF 
 1 Mark Mancari             Luke Witkowski           60     1   2  2  
 2 Tomas Tatar              Vincent Trocheck         40     1   2  2  

4 vs 4 Defense
   Defense                  Defense                  Time % Phy DF OF 
 1 Stefan Elliott           Jarred Tinordi           60     1   2  2  
 2 Steven Kampfer           Joel Edmundson           40     1   2  2  

Last Minutes Offensive
   Center                   Left Wing                Right Wing               Defense                  Defense                  
   Vincent Trocheck         Tomas Tatar              Mark Mancari             Stefan Elliott           Jarred Tinordi           

Last Minutes Defensive
   Center                   Left Wing                Right Wing               Defense                  Defense                  
   Vincent Trocheck         Tomas Tatar              Mark Mancari             Stefan Elliott           Jarred Tinordi           

Goaltenders
Starting : Marek Mazanek            
Backup : Darcy Kuemper            

Extra Forwards
Normal : Erik Condra, Dmitrij Jaskin, Nick Cousins - PP : Erik Condra, Dmitrij Jaskin - PK : Nick Cousins
Extra Defensemen
Normal : Jonathan Racine, John Ramage, Ryan Murphy - PP : Jonathan Racine - PK : John Ramage, Ryan Murphy
Penalty Shots
Mark Mancari, Luke Witkowski, Tomas Tatar, Vincent Trocheck, Erik Condra

Scratches
Dominik Kubalik (Healthy), Chris Calhan (Healthy), Mark Friedman (Healthy), Sergei Kostenko (Healthy), Antoine Bibeau (Healthy)

Gangsters

5 vs 5 Forward 
   Center                   Left Wing                Right Wing               Time % Phy DF OF 
 1 Seth Griffith            David Pope               Devante Smith-Pelly      40     1   2  2  
 2 Kevin Roy                Phillip Danault          Richard Panik            30     1   2  2  
 3 Adam Lowry               Samuel Blais             Stefan Noesen            20     1   2  2  
 4 Jake Marchment           Julius Vahatalo          Sebastian Collberg       10     1   2  2  

5 vs 5 Defense 
   Defense                  Defense                                           Time % Phy DF OF 
 1 Morgan Ellis             Jonas Brodin                                      40     1   2  2  
 2 Derrick Pouliot          Steven Santini                                    30     1   2  2  
 3 Ryan Culkin              Jordan Subban                                     20     1   2  2  
 4 Joshua Jacobs            Jacob Middleton                                   10     1   2  2  

PowerPlay Forward 
   Center                   Left Wing                Right Wing               Time % Phy DF OF 
 1 Seth Griffith            David Pope               Devante Smith-Pelly      60     1   2  2  
 2 Kevin Roy                Phillip Danault          Richard Panik            40     1   2  2  

PowerPlay Defense
   Defense                  Defense                                           Time % Phy DF OF 
 1 Morgan Ellis             Jonas Brodin                                      60     1   2  2  
 2 Derrick Pouliot          Steven Santini                                    40     1   2  2  

Penalty Kill 4 Players Forward 
   Center                   Wing                     Time % Phy DF OF 
 1 Devante Smith-Pelly      Richard Panik            60     1   2  2  
 2 Stefan Noesen            Seth Griffith            40     1   2  2  

Penalty Kill 4 Players Defense
   Defense                  Defense                  Time % Phy DF OF 
 1 Morgan Ellis             Jonas Brodin             60     1   2  2  
 2 Derrick Pouliot          Steven Santini           40     1   2  2  

Penalty Kill - 3 Players Forward 
   Forward                                           Time % Phy DF OF 
 1 Devante Smith-Pelly                               60     1   2  2  
 2 Richard Panik                                     40     1   2  2  

Penalty Kill - 3 Players Defense
   Defense                  Defense                  Time % Phy DF OF 
 1 Morgan Ellis             Jonas Brodin             60     1   2  2  
 2 Derrick Pouliot          Steven Santini           40     1   2  2  

4 vs 4 Forward 
   Center                   Wing                     Time % Phy DF OF 
 1 Devante Smith-Pelly      Richard Panik            60     1   2  2  
 2 Stefan Noesen            Seth Griffith            40     1   2  2  

4 vs 4 Defense
   Defense                  Defense                  Time % Phy DF OF 
 1 Morgan Ellis             Jonas Brodin             60     1   2  2  
 2 Derrick Pouliot          Steven Santini           40     1   2  2  

Last Minutes Offensive
   Center                   Left Wing                Right Wing               Defense                  Defense                  
   Seth Griffith            David Pope               Devante Smith-Pelly      Morgan Ellis             Jonas Brodin             

Last Minutes Defensive
   Center                   Left Wing                Right Wing               Defense                  Defense                  
   Seth Griffith            David Pope               Devante Smith-Pelly      Morgan Ellis             Jonas Brodin             

Goaltenders
Starting : Dustin Tokarski          
Backup : Jordan Binnington        

Extra Forwards
Normal : Connor Chatam, Sebastian Collberg, Samuel Blais - PP : Connor Chatam, Sebastian Collberg - PK : Samuel Blais
Extra Defensemen
Normal : Ryan Culkin, Jordan Subban, Joshua Jacobs - PP : Ryan Culkin - PK : Jordan Subban, Joshua Jacobs
Penalty Shots
Devante Smith-Pelly, Richard Panik, Stefan Noesen, Seth Griffith, David Pope

Scratches
Brett Ponich (Broken Bone (Right Arm) Injury), Dave Dziurzynski (Right Hand Injury), Hugo Fagerblom (Healthy)

% Time on Ice - Sewer Rats

Lines # - Real PCT - Wanted PCT - Time Play
Normal Forward
1 - 35% - 40% - 13:47
2 - 30% - 30% - 11:41
3 - 20% - 20% - 7:52
4 - 15% - 10% - 5:47
Normal Defense
1 - 44% - 40% - 17:23
2 - 31% - 30% - 12:07
3 - 17% - 20% - 6:38
4 - 8% - 10% - 2:59
PP Forward
1 - 56% - 60% - 8:01
2 - 44% - 40% - 6:25
PP Defense
1 - 54% - 60% - 7:45
2 - 46% - 40% - 6:41
PK Forward
1 - 75% - 60% - 4:50
2 - 25% - 40% - 1:37
PK Defense
1 - 62% - 60% - 4:01
2 - 38% - 40% - 2:26
PK3 Forward
1 - 0% - 60%
2 - 0% - 40%
PK3 Defense
1 - 0% - 60%
2 - 0% - 40%
44 Forward
1 - 0% - 60%
2 - 0% - 40%
44 Defense
1 - 0% - 60%
2 - 0% - 40%
Last Minute Offensive  - 0:00
Last Minute Defensive  - 0:00
Total
Forward - 60:00
Defense - 60:00

% Time on Ice - Gangsters

Lines # - Real PCT - Wanted PCT - Time Play
Normal Forward
1 - 36% - 40% - 14:08
2 - 26% - 30% - 10:14
3 - 23% - 20% - 9:02
4 - 15% - 10% - 5:43
Normal Defense
1 - 44% - 40% - 17:18
2 - 28% - 30% - 11:08
3 - 18% - 20% - 6:54
4 - 10% - 10% - 3:47
PP Forward
1 - 61% - 60% - 3:57
2 - 39% - 40% - 2:30
PP Defense
1 - 63% - 60% - 4:03
2 - 37% - 40% - 2:24
PK Forward
1 - 72% - 60% - 10:23
2 - 28% - 40% - 4:03
PK Defense
1 - 54% - 60% - 7:51
2 - 46% - 40% - 6:35
PK3 Forward
1 - 0% - 60%
2 - 0% - 40%
PK3 Defense
1 - 0% - 60%
2 - 0% - 40%
44 Forward
1 - 0% - 60%
2 - 0% - 40%
44 Defense
1 - 0% - 60%
2 - 0% - 40%
Last Minute Offensive  - 0:00
Last Minute Defensive  - 0:00
Total
Forward - 60:00
Defense - 60:00

Play-by-Play

1st period


0:01 of 1st period - Vincent Trocheck wins face-off versus Seth Griffith in neutral zone.
0:14 of 1st period - Slapshot by Devante Smith-Pelly.
0:14 of 1st period - Stopped by Marek Mazanek without a rebound.
0:15 of 1st period - Daniel Carr wins face-off versus Kevin Roy in Sewer Rats zone.
0:20 of 1st period - Slapshot by Steven Kampfer.
0:20 of 1st period - Deflect By Derrick Pouliot.
0:20 of 1st period - Stopped by Dustin Tokarski without a rebound.
0:21 of 1st period - Jonathan Marchessault wins face-off versus Kevin Roy in Gangsters zone.
0:24 of 1st period - Snap shot by Jonathan Marchessault.
0:24 of 1st period - Stopped by Dustin Tokarski with a rebound.
0:31 of 1st period - Off-side.
0:32 of 1st period - Nick Cousins wins face-off versus Adam Lowry in neutral zone.
0:34 of 1st period - Off-side.
0:35 of 1st period - Stefan Noesen wins face-off versus Nick Cousins in neutral zone.
0:38 of 1st period - Erik Condra is hit by Stefan Noesen and loses puck.
1:07 of 1st period - Snap shot by Vincent Trocheck.
1:07 of 1st period - Shot Hit the Post.
1:34 of 1st period - Icing by Jonathan Marchessault.
1:35 of 1st period - Jonathan Marchessault wins face-off versus Kevin Roy in Sewer Rats zone.
1:35 of 1st period - Jonathan Marchessault is hit by Jonas Brodin.
1:40 of 1st period - Off-side.
1:41 of 1st period - Kevin Roy wins face-off versus Tyler Motte in neutral zone.
1:54 of 1st period - Slapshot by Dmitrij Jaskin.
1:54 of 1st period - Stopped by Dustin Tokarski with a rebound.
1:59 of 1st period - Minor Penalty to Phillip Danault for Interference.
2:00 of 1st period - Devante Smith-Pelly wins face-off versus Vincent Trocheck in Gangsters zone.
2:00 of 1st period - Devante Smith-Pelly is hit by Tomas Tatar.
3:09 of 1st period - Derrick Pouliot is hit by Steven Kampfer and loses puck.
3:49 of 1st period - Icing by Tomas Tatar.
3:50 of 1st period - Vincent Trocheck wins face-off versus Stefan Noesen in Sewer Rats zone.
3:59 of 1st period - Penalty to Phillip Danault is over, Phillip Danault is back on ice.
4:24 of 1st period - Tyler Motte is hit by Julius Vahatalo and loses puck.
5:49 of 1st period - Slapshot by Stefan Noesen.
5:49 of 1st period - Stopped by Marek Mazanek with a rebound.
5:51 of 1st period - Wrist shot by Stefan Noesen.
5:51 of 1st period - Goal by Stefan Noesen - Sewer Rats : 0 - Gangsters : 1.
5:52 of 1st period - Seth Griffith wins face-off versus Vincent Trocheck in neutral zone.
6:23 of 1st period - Wrist shot by Erik Condra.
6:23 of 1st period - Shot Misses the Net.
6:25 of 1st period - Snap shot by Steven Kampfer.
6:25 of 1st period - Stopped by Dustin Tokarski with a rebound.
6:27 of 1st period - Slapshot by Joel Edmundson.
6:27 of 1st period - Stopped by Dustin Tokarski with a rebound.
6:35 of 1st period - Minor Penalty to David Pope for Tripping.
6:36 of 1st period - Devante Smith-Pelly wins face-off versus Vincent Trocheck in Gangsters zone.
7:01 of 1st period - Steven Santini is hit by Stefan Elliott and loses puck.
7:09 of 1st period - Slapshot by Joel Edmundson.
7:09 of 1st period - Deflect By Daniel Carr.
7:09 of 1st period - Shot Misses the Net.
7:09 of 1st period - Puck is out of play.
7:10 of 1st period - Stefan Noesen wins face-off versus Vincent Trocheck in Gangsters zone.
7:34 of 1st period - Off-side.
7:35 of 1st period - Samuel Blais wins face-off versus Jonathan Marchessault in neutral zone.
8:00 of 1st period - Jarred Tinordi is hit by Seth Griffith and loses puck.
8:35 of 1st period - Penalty to David Pope is over, David Pope is back on ice.
8:53 of 1st period - Off-side.
8:54 of 1st period - Sebastian Collberg wins face-off versus Vincent Trocheck in neutral zone.
9:19 of 1st period - Ryan Culkin is hit by John Ramage.
9:27 of 1st period - Slapshot by Derrick Pouliot.
9:27 of 1st period - Shot Blocked by Daniel Carr.
9:58 of 1st period - Snap shot by Tomas Tatar.
9:58 of 1st period - Shot Misses the Net.
10:06 of 1st period - Wrist shot by Vincent Trocheck.
10:06 of 1st period - Shot Misses the Net.
11:40 of 1st period - Icing by Daniel Carr.
11:41 of 1st period - Tyler Motte wins face-off versus Kevin Roy in Sewer Rats zone.
12:26 of 1st period - Samuel Blais is hit by Connor Carrick and loses puck.
13:03 of 1st period - Slapshot by Kevin Roy.
13:03 of 1st period - Stopped by Marek Mazanek with a rebound.
13:23 of 1st period - Morgan Ellis is hit by Mark Mancari and loses puck.
14:19 of 1st period - Snap shot by Tomas Tatar.
14:19 of 1st period - Goal by Tomas Tatar - Sewer Rats : 1 - Gangsters : 1.
14:20 of 1st period - Vincent Trocheck wins face-off versus Seth Griffith in neutral zone.
14:29 of 1st period - Snap shot by Mark Mancari.
14:29 of 1st period - Deflect By Tomas Tatar.
14:29 of 1st period - Shot Misses the Net.
14:29 of 1st period - Puck is out of play.
14:30 of 1st period - Vincent Trocheck wins face-off versus Seth Griffith in Gangsters zone.
14:31 of 1st period - Slapshot by Tomas Tatar.
14:31 of 1st period - Deflect By Seth Griffith.
14:31 of 1st period - Stopped by Dustin Tokarski with a rebound.
14:33 of 1st period - Wrist shot by Vincent Trocheck.
14:33 of 1st period - Shot Blocked by Devante Smith-Pelly.
14:35 of 1st period - Slapshot by Tomas Tatar.
14:35 of 1st period - Shot Misses the Net.
14:51 of 1st period - Wrist shot by Mark Mancari.
14:51 of 1st period - Stopped by Dustin Tokarski with a rebound.
14:53 of 1st period - Wrist shot by Tomas Tatar.
14:53 of 1st period - Stopped by Dustin Tokarski without a rebound.
14:54 of 1st period - Kevin Roy wins face-off versus Daniel Carr in Gangsters zone.
15:01 of 1st period - Slapshot by Jonathan Marchessault.
15:01 of 1st period - Stopped by Dustin Tokarski with a rebound.
15:03 of 1st period - Snap shot by Luke Witkowski.
15:03 of 1st period - Stopped by Dustin Tokarski with a rebound.
15:05 of 1st period - Wrist shot by Luke Witkowski.
15:05 of 1st period - Deflect By Daniel Carr.
15:05 of 1st period - Stopped by Dustin Tokarski with a rebound.
15:07 of 1st period - Wrist shot by Luke Witkowski.
15:07 of 1st period - Shot Misses the Net.
15:09 of 1st period - Snap shot by Jonathan Marchessault.
15:09 of 1st period - Stopped by Dustin Tokarski with a rebound.
15:19 of 1st period - Jonas Brodin is hit by Stefan Elliott and loses puck.
15:40 of 1st period - Wrist shot by Tomas Tatar.
15:40 of 1st period - Shot Blocked by Morgan Ellis.
16:24 of 1st period - Wrist shot by Jonathan Marchessault.
16:24 of 1st period - Stopped by Dustin Tokarski with a rebound.
16:26 of 1st period - Snap shot by Luke Witkowski.
16:26 of 1st period - Shot Blocked by Phillip Danault.
17:10 of 1st period - Snap shot by Nick Cousins.
17:10 of 1st period - Shot Misses the Net.
17:46 of 1st period - Wrist shot by Kevin Roy.
17:46 of 1st period - Shot Blocked by John Ramage.
17:58 of 1st period - Minor Penalty to Dmitrij Jaskin for Hooking.
17:59 of 1st period - Mark Mancari wins face-off versus Seth Griffith in Sewer Rats zone.
18:35 of 1st period - Slapshot by Jonas Brodin.
18:35 of 1st period - Shot Blocked by Stefan Elliott.
18:58 of 1st period - Wrist shot by Nick Cousins.
18:58 of 1st period - Deflect By Daniel Carr.
18:58 of 1st period - Shot Misses the Net.
18:58 of 1st period - Puck is out of play.
18:59 of 1st period - Richard Panik wins face-off versus Mark Mancari in Gangsters zone.
19:18 of 1st period - Slapshot by Seth Griffith.
19:18 of 1st period - Shot Misses the Net.
19:34 of 1st period - Snap shot by Daniel Carr.
19:34 of 1st period - Stopped by Dustin Tokarski with a rebound.
19:58 of 1st period - Penalty to Dmitrij Jaskin is over, Dmitrij Jaskin is back on ice.
Goals for this period are 1 for Sewer Rats vs 1 for Gangsters.
Shots for this period are 15 for Sewer Rats vs 4 for Gangsters.

2nd period


0:01 of 2nd period - Devante Smith-Pelly wins face-off versus Vincent Trocheck in neutral zone.
0:04 of 2nd period - Wrist shot by Devante Smith-Pelly.
0:04 of 2nd period - Shot Hit the Post.
0:06 of 2nd period - Snap shot by Devante Smith-Pelly.
0:06 of 2nd period - Stopped by Marek Mazanek with a rebound.
0:08 of 2nd period - Slapshot by Morgan Ellis.
0:08 of 2nd period - Stopped by Marek Mazanek with a rebound.
0:10 of 2nd period - Slapshot by Jonas Brodin.
0:10 of 2nd period - Stopped by Marek Mazanek without a rebound.
0:11 of 2nd period - Vincent Trocheck wins face-off versus Seth Griffith in Sewer Rats zone.
1:35 of 2nd period - Steven Kampfer is hit by Devante Smith-Pelly and loses puck.
2:12 of 2nd period - Double Minor Penalty to Jacob Middleton for High sticking.
2:13 of 2nd period - Devante Smith-Pelly wins face-off versus Vincent Trocheck in Gangsters zone.
2:13 of 2nd period - Devante Smith-Pelly is hit by Vincent Trocheck.
2:49 of 2nd period - Snap shot by Luke Witkowski.
2:49 of 2nd period - Shot Blocked by Steven Santini.
2:51 of 2nd period - Snap shot by Daniel Carr.
2:51 of 2nd period - Shot Misses the Net.
3:29 of 2nd period - Daniel Carr is hit by Jonas Brodin and loses puck.
4:07 of 2nd period - Icing by Joel Edmundson.
4:08 of 2nd period - Samuel Blais wins face-off versus Erik Condra in Sewer Rats zone.
5:48 of 2nd period - Steven Kampfer is hit by Phillip Danault and loses puck.
6:09 of 2nd period - Snap shot by Erik Condra.
6:09 of 2nd period - Stopped by Dustin Tokarski without a rebound.
6:10 of 2nd period - Erik Condra wins face-off versus Stefan Noesen in Gangsters zone.
6:12 of 2nd period - Penalty to Jacob Middleton is over, Jacob Middleton is back on ice.
6:27 of 2nd period - Slapshot by Stefan Noesen.
6:27 of 2nd period - Shot Blocked by Erik Condra.
6:29 of 2nd period - Snap shot by Jonas Brodin.
6:29 of 2nd period - Deflect By Erik Condra.
6:29 of 2nd period - Stopped by Marek Mazanek with a rebound.
6:31 of 2nd period - Slapshot by Morgan Ellis.
6:31 of 2nd period - Deflect By Stefan Noesen.
6:31 of 2nd period - Shot Misses the Net.
6:31 of 2nd period - Puck is out of play.
6:32 of 2nd period - Vincent Trocheck wins face-off versus Kevin Roy in Sewer Rats zone.
6:40 of 2nd period - Icing by Phillip Danault.
6:41 of 2nd period - Kevin Roy wins face-off versus Vincent Trocheck in Gangsters zone.
6:52 of 2nd period - Snap shot by Richard Panik.
6:52 of 2nd period - Stopped by Marek Mazanek without a rebound.
6:53 of 2nd period - David Pope wins face-off versus Tomas Tatar in Sewer Rats zone.
7:44 of 2nd period - Snap shot by Joseph Blandisi.
7:44 of 2nd period - Shot Blocked by Steven Santini.
7:53 of 2nd period - Minor Penalty to Steven Kampfer for Hooking.
7:54 of 2nd period - Mark Mancari wins face-off versus Seth Griffith in Sewer Rats zone.
7:54 of 2nd period - Mark Mancari is hit by Morgan Ellis.
8:01 of 2nd period - Slapshot by Stefan Elliott.
8:01 of 2nd period - Stopped by Dustin Tokarski without a rebound.
8:02 of 2nd period - Seth Griffith wins face-off versus Mark Mancari in Gangsters zone.
8:09 of 2nd period - Snap shot by Devante Smith-Pelly.
8:09 of 2nd period - Shot Misses the Net.
8:26 of 2nd period - Off-side.
8:27 of 2nd period - Mark Mancari wins face-off versus Kevin Roy in neutral zone.
8:44 of 2nd period - Derrick Pouliot is hit by Mark Mancari and loses puck.
8:55 of 2nd period - Slapshot by Seth Griffith.
8:55 of 2nd period - Stopped by Marek Mazanek without a rebound.
8:56 of 2nd period - Seth Griffith wins face-off versus Tomas Tatar in Sewer Rats zone.
9:00 of 2nd period - Slapshot by Morgan Ellis.
9:00 of 2nd period - Shot Blocked by John Ramage.
9:31 of 2nd period - Slapshot by Jonas Brodin.
9:31 of 2nd period - Deflect By Richard Panik.
9:31 of 2nd period - Shot Hit the Post.
9:31 of 2nd period - Puck is out of play.
9:32 of 2nd period - Seth Griffith wins face-off versus Mark Mancari in Sewer Rats zone.
9:33 of 2nd period - Snap shot by Devante Smith-Pelly.
9:33 of 2nd period - Shot Misses the Net.
9:35 of 2nd period - Backhand shot by Derrick Pouliot.
9:35 of 2nd period - Shot Blocked by Stefan Elliott.
9:37 of 2nd period - Slapshot by Steven Santini.
9:37 of 2nd period - Stopped by Marek Mazanek without a rebound.
9:38 of 2nd period - Seth Griffith wins face-off versus Mark Mancari in Sewer Rats zone.
9:45 of 2nd period - Snap shot by Devante Smith-Pelly.
9:45 of 2nd period - Stopped by Marek Mazanek with a rebound.
9:47 of 2nd period - Slapshot by Derrick Pouliot.
9:47 of 2nd period - Goal by Derrick Pouliot - Sewer Rats : 1 - Gangsters : 2.
9:48 of 2nd period - Vincent Trocheck wins face-off versus David Pope in neutral zone.
10:13 of 2nd period - Icing by Devante Smith-Pelly.
10:14 of 2nd period - Jonathan Marchessault wins face-off versus Seth Griffith in Gangsters zone.
10:47 of 2nd period - Snap shot by Devante Smith-Pelly.
10:47 of 2nd period - Shot Misses the Net.
10:49 of 2nd period - Slapshot by Jonas Brodin.
10:49 of 2nd period - Deflect By Devante Smith-Pelly.
10:49 of 2nd period - Stopped by Marek Mazanek without a rebound.
10:50 of 2nd period - Kevin Roy wins face-off versus Daniel Carr in Sewer Rats zone.
11:15 of 2nd period - Derrick Pouliot is hit by Vincent Trocheck and loses puck.
11:38 of 2nd period - Snap shot by Erik Condra.
11:38 of 2nd period - Deflect By Joseph Blandisi.
11:38 of 2nd period - Goal by Joseph Blandisi - Sewer Rats : 2 - Gangsters : 2.
11:39 of 2nd period - Vincent Trocheck wins face-off versus Seth Griffith in neutral zone.
11:43 of 2nd period - Off-side.
11:44 of 2nd period - Tomas Tatar wins face-off versus Seth Griffith in neutral zone.
11:56 of 2nd period - Icing by Morgan Ellis.
11:57 of 2nd period - Seth Griffith wins face-off versus Vincent Trocheck in Gangsters zone.
11:57 of 2nd period - Seth Griffith is hit by Joel Edmundson.
12:29 of 2nd period - Luke Witkowski is hit by Phillip Danault.
13:10 of 2nd period - Morgan Ellis is hit by Stefan Elliott and loses puck.
13:39 of 2nd period - Backhand shot by Steven Santini.
13:39 of 2nd period - Stopped by Marek Mazanek with a rebound.
13:41 of 2nd period - Snap shot by Devante Smith-Pelly.
13:41 of 2nd period - Goal by Devante Smith-Pelly - Sewer Rats : 2 - Gangsters : 3.
13:42 of 2nd period - Seth Griffith wins face-off versus Vincent Trocheck in neutral zone.
13:45 of 2nd period - Vincent Trocheck is hit by Derrick Pouliot.
13:55 of 2nd period - Snap shot by Mark Mancari.
13:55 of 2nd period - Deflect By Tomas Tatar.
13:55 of 2nd period - Shot Blocked by Derrick Pouliot.
13:55 of 2nd period - Puck is out of play.
13:56 of 2nd period - Seth Griffith wins face-off versus Vincent Trocheck in Gangsters zone.
14:30 of 2nd period - Daniel Carr is hit by Richard Panik and loses puck.
14:53 of 2nd period - Wrist shot by Anthony Duclair.
14:53 of 2nd period - Deflect By Steven Santini.
14:53 of 2nd period - Stopped by Dustin Tokarski with a rebound.
15:09 of 2nd period - Wrist shot by Erik Condra.
15:09 of 2nd period - Stopped by Dustin Tokarski without a rebound.
15:10 of 2nd period - Nick Cousins wins face-off versus Seth Griffith in Gangsters zone.
16:16 of 2nd period - Icing by Jarred Tinordi.
16:17 of 2nd period - Daniel Carr wins face-off versus Seth Griffith in Sewer Rats zone.
16:54 of 2nd period - Snap shot by Luke Witkowski.
16:54 of 2nd period - Deflect By Jonathan Marchessault.
16:54 of 2nd period - Shot Misses the Net.
16:54 of 2nd period - Puck is out of play.
16:55 of 2nd period - Kevin Roy wins face-off versus Vincent Trocheck in Gangsters zone.
16:57 of 2nd period - Minor Penalty to Phillip Danault for Hooking.
16:58 of 2nd period - Vincent Trocheck wins face-off versus Devante Smith-Pelly in Gangsters zone.
17:02 of 2nd period - Snap shot by Tomas Tatar.
17:02 of 2nd period - Stopped by Dustin Tokarski without a rebound.
17:03 of 2nd period - Vincent Trocheck wins face-off versus Devante Smith-Pelly in Gangsters zone.
17:29 of 2nd period - Snap shot by Tomas Tatar.
17:29 of 2nd period - Goal by Tomas Tatar - Sewer Rats : 3 - Gangsters : 3.
17:30 of 2nd period - Vincent Trocheck wins face-off versus Seth Griffith in neutral zone.
18:05 of 2nd period - Snap shot by Jonas Brodin.
18:05 of 2nd period - Shot Misses the Net.
18:07 of 2nd period - Wrist shot by Samuel Blais.
18:07 of 2nd period - Stopped by Marek Mazanek without a rebound.
18:08 of 2nd period - Seth Griffith wins face-off versus Jonathan Marchessault in Sewer Rats zone.
18:50 of 2nd period - Snap shot by Seth Griffith.
18:50 of 2nd period - Stopped by Marek Mazanek with a rebound.
18:52 of 2nd period - Backhand shot by Seth Griffith.
18:52 of 2nd period - Goal by Seth Griffith - Sewer Rats : 3 - Gangsters : 4.
18:53 of 2nd period - Kevin Roy wins face-off versus Vincent Trocheck in neutral zone.
18:58 of 2nd period - Slapshot by Richard Panik.
18:58 of 2nd period - Stopped by Marek Mazanek with a rebound.
19:23 of 2nd period - Stefan Noesen is hit by Daniel Carr and loses puck.
Goals for this period are 2 for Sewer Rats vs 3 for Gangsters.
Shots for this period are 7 for Sewer Rats vs 16 for Gangsters.

3rd period


0:01 of 3rd period - Vincent Trocheck wins face-off versus Seth Griffith in neutral zone.
0:14 of 3rd period - Snap shot by Vincent Trocheck.
0:14 of 3rd period - Stopped by Dustin Tokarski without a rebound.
0:15 of 3rd period - Kevin Roy wins face-off versus Jonathan Marchessault in Gangsters zone.
0:15 of 3rd period - Kevin Roy is hit by Luke Witkowski.
0:57 of 3rd period - Minor Penalty to Stefan Elliott for Interference.
0:58 of 3rd period - Seth Griffith wins face-off versus Mark Mancari in Sewer Rats zone.
1:03 of 3rd period - Snap shot by Devante Smith-Pelly.
1:03 of 3rd period - Stopped by Marek Mazanek without a rebound.
1:04 of 3rd period - Seth Griffith wins face-off versus Mark Mancari in Sewer Rats zone.
1:11 of 3rd period - Snap shot by David Pope.
1:11 of 3rd period - Stopped by Marek Mazanek without a rebound.
1:12 of 3rd period - Mark Mancari wins face-off versus Seth Griffith in Sewer Rats zone.
1:25 of 3rd period - Wrist shot by David Pope.
1:25 of 3rd period - Deflect By Devante Smith-Pelly.
1:25 of 3rd period - Shot Misses the Net.
1:25 of 3rd period - Puck is out of play.
1:26 of 3rd period - Seth Griffith wins face-off versus Luke Witkowski in Sewer Rats zone.
1:29 of 3rd period - Wrist shot by Devante Smith-Pelly.
1:29 of 3rd period - Deflect By David Pope.
1:29 of 3rd period - Goal by David Pope - Sewer Rats : 3 - Gangsters : 5.
1:29 of 3rd period - Darcy Kuemper enters game.
1:30 of 3rd period - Vincent Trocheck wins face-off versus Seth Griffith in neutral zone.
1:33 of 3rd period - Devante Smith-Pelly is hit by Tomas Tatar and loses puck.
1:56 of 3rd period - Jonathan Marchessault is hit by Phillip Danault.
2:55 of 3rd period - Snap shot by Tomas Tatar.
2:55 of 3rd period - Stopped by Dustin Tokarski with a rebound.
2:57 of 3rd period - Snap shot by Tomas Tatar.
2:57 of 3rd period - Shot Misses the Net.
2:59 of 3rd period - Slapshot by Joel Edmundson.
2:59 of 3rd period - Stopped by Dustin Tokarski with a rebound.
3:01 of 3rd period - Slapshot by Steven Kampfer.
3:01 of 3rd period - Stopped by Dustin Tokarski with a rebound.
3:03 of 3rd period - Slapshot by Joel Edmundson.
3:03 of 3rd period - Shot Misses the Net.
3:05 of 3rd period - Slapshot by Mark Mancari.
3:05 of 3rd period - Shot Misses the Net.
3:46 of 3rd period - Joel Edmundson is hit by Phillip Danault and loses puck.
4:25 of 3rd period - Wrist shot by Dmitrij Jaskin.
4:25 of 3rd period - Shot Blocked by Seth Griffith.
4:47 of 3rd period - Wrist shot by Luke Witkowski.
4:47 of 3rd period - Shot Blocked by Derrick Pouliot.
5:09 of 3rd period - Minor Penalty to Erik Condra for Hooking.
5:10 of 3rd period - Devante Smith-Pelly wins face-off versus Mark Mancari in Sewer Rats zone.
5:41 of 3rd period - Snap shot by Jonas Brodin.
5:41 of 3rd period - Shot Misses the Net.
5:43 of 3rd period - Slapshot by Morgan Ellis.
5:43 of 3rd period - Stopped by Darcy Kuemper without a rebound.
5:44 of 3rd period - Tomas Tatar wins face-off versus Seth Griffith in Sewer Rats zone.
5:44 of 3rd period - Tomas Tatar is hit by Seth Griffith.
5:54 of 3rd period - Slapshot by Seth Griffith.
5:54 of 3rd period - Shot Blocked by Mark Mancari.
5:56 of 3rd period - Snap shot by Seth Griffith.
5:56 of 3rd period - Stopped by Darcy Kuemper with a rebound.
7:09 of 3rd period - Penalty to Erik Condra is over, Erik Condra is back on ice.
7:09 of 3rd period - Minor Penalty to Adam Lowry for Roughing.
7:10 of 3rd period - Tomas Tatar wins face-off versus Devante Smith-Pelly in Gangsters zone.
8:17 of 3rd period - Daniel Carr is hit by Stefan Noesen and loses puck.
9:09 of 3rd period - Penalty to Adam Lowry is over, Adam Lowry is back on ice.
9:42 of 3rd period - Slapshot by Ryan Culkin.
9:42 of 3rd period - Stopped by Darcy Kuemper with a rebound.
10:22 of 3rd period - Icing by Devante Smith-Pelly.
10:23 of 3rd period - Vincent Trocheck wins face-off versus Seth Griffith in Gangsters zone.
10:24 of 3rd period - Slapshot by Mark Mancari.
10:24 of 3rd period - Shot Misses the Net.
10:45 of 3rd period - Slapshot by Jonathan Marchessault.
10:45 of 3rd period - Shot Blocked by Adam Lowry.
10:47 of 3rd period - Snap shot by Luke Witkowski.
10:47 of 3rd period - Shot Misses the Net.
11:01 of 3rd period - Snap shot by Erik Condra.
11:01 of 3rd period - Stopped by Dustin Tokarski with a rebound.
11:03 of 3rd period - Snap shot by Erik Condra.
11:03 of 3rd period - Stopped by Dustin Tokarski without a rebound.
11:04 of 3rd period - Kevin Roy wins face-off versus Vincent Trocheck in Gangsters zone.
11:06 of 3rd period - Icing by Jonas Brodin.
11:07 of 3rd period - Kevin Roy wins face-off versus Vincent Trocheck in Gangsters zone.
11:18 of 3rd period - Slapshot by Richard Panik.
11:18 of 3rd period - Stopped by Darcy Kuemper with a rebound.
11:20 of 3rd period - Slapshot by Jonas Brodin.
11:20 of 3rd period - Stopped by Darcy Kuemper with a rebound.
11:22 of 3rd period - Slapshot by Morgan Ellis.
11:22 of 3rd period - Stopped by Darcy Kuemper with a rebound.
11:36 of 3rd period - Slapshot by Mark Mancari.
11:36 of 3rd period - Stopped by Dustin Tokarski with a rebound.
11:38 of 3rd period - Wrist shot by Mark Mancari.
11:38 of 3rd period - Shot Misses the Net.
11:40 of 3rd period - Slapshot by Stefan Elliott.
11:40 of 3rd period - Shot Misses the Net.
11:42 of 3rd period - Snap shot by Tomas Tatar.
11:42 of 3rd period - Shot Misses the Net.
11:44 of 3rd period - Snap shot by Mark Mancari.
11:44 of 3rd period - Shot Misses the Net.
11:46 of 3rd period - Wrist shot by Vincent Trocheck.
11:46 of 3rd period - Shot Misses the Net.
11:50 of 3rd period - Wrist shot by Tomas Tatar.
11:50 of 3rd period - Shot Misses the Net.
12:25 of 3rd period - Wrist shot by Stefan Noesen.
12:25 of 3rd period - Shot Misses the Net.
12:39 of 3rd period - Slapshot by Mark Mancari.
12:39 of 3rd period - Shot Blocked by Adam Lowry.
12:41 of 3rd period - Wrist shot by Mark Mancari.
12:41 of 3rd period - Shot Blocked by Morgan Ellis.
12:43 of 3rd period - Slapshot by Jarred Tinordi.
12:43 of 3rd period - Shot Misses the Net.
12:45 of 3rd period - Slapshot by Stefan Elliott.
12:45 of 3rd period - Shot Blocked by Morgan Ellis.
12:47 of 3rd period - Slapshot by Jarred Tinordi.
12:47 of 3rd period - Deflect By Tomas Tatar.
12:47 of 3rd period - Shot Misses the Net.
12:47 of 3rd period - Puck is out of play.
12:48 of 3rd period - Jonathan Marchessault wins face-off versus Seth Griffith in Gangsters zone.
12:55 of 3rd period - Wrist shot by Luke Witkowski.
12:55 of 3rd period - Shot Blocked by Derrick Pouliot.
13:09 of 3rd period - Minor Penalty to Devante Smith-Pelly for Hooking.
13:10 of 3rd period - Seth Griffith wins face-off versus Jonathan Marchessault in Gangsters zone.
13:21 of 3rd period - Richard Panik is hit by Steven Kampfer and loses puck.
14:44 of 3rd period - Slapshot by Joseph Blandisi.
14:44 of 3rd period - Shot Misses the Net.
14:46 of 3rd period - Snap shot by Dmitrij Jaskin.
14:46 of 3rd period - Shot Misses the Net.
15:09 of 3rd period - Penalty to Devante Smith-Pelly is over, Devante Smith-Pelly is back on ice.
15:36 of 3rd period - Julius Vahatalo is hit by Nick Cousins and loses puck.
15:57 of 3rd period - Wrist shot by Devante Smith-Pelly.
15:57 of 3rd period - Deflect By David Pope.
15:57 of 3rd period - Shot Misses the Net.
15:57 of 3rd period - Puck is out of play.
15:58 of 3rd period - Connor Chatam wins face-off versus Vincent Trocheck in Sewer Rats zone.
16:01 of 3rd period - Snap shot by Devante Smith-Pelly.
16:01 of 3rd period - Shot Blocked by Tomas Tatar.
16:09 of 3rd period - Wrist shot by David Pope.
16:09 of 3rd period - Shot Misses the Net.
16:19 of 3rd period - Minor Penalty to Connor Chatam for Interference.
16:20 of 3rd period - Devante Smith-Pelly wins face-off versus Vincent Trocheck in Gangsters zone.
16:33 of 3rd period - Wrist shot by Devante Smith-Pelly.
16:33 of 3rd period - Stopped by Darcy Kuemper with a rebound.
16:35 of 3rd period - Snap shot by Devante Smith-Pelly.
16:35 of 3rd period - Stopped by Darcy Kuemper with a rebound.
16:47 of 3rd period - Seth Griffith is hit by Jonathan Marchessault and loses puck.
18:01 of 3rd period - Jonathan Marchessault is hit by Samuel Blais and loses puck.
18:19 of 3rd period - Penalty to Connor Chatam is over, Connor Chatam is back on ice.
18:26 of 3rd period - Wrist shot by Anthony Duclair.
18:26 of 3rd period - Stopped by Dustin Tokarski without a rebound.
18:27 of 3rd period - Tyler Motte wins face-off versus Jake Marchment in Gangsters zone.
18:28 of 3rd period - Slapshot by Dmitrij Jaskin.
18:28 of 3rd period - Stopped by Dustin Tokarski without a rebound.
18:29 of 3rd period - Dmitrij Jaskin wins face-off versus Jake Marchment in Gangsters zone.
18:30 of 3rd period - Wrist shot by Tyler Motte.
18:30 of 3rd period - Deflect By Dmitrij Jaskin.
18:30 of 3rd period - Shot Blocked by Ryan Culkin.
18:30 of 3rd period - Puck is out of play.
18:31 of 3rd period - Tyler Motte wins face-off versus Jake Marchment in Gangsters zone.
18:40 of 3rd period - Slapshot by Steven Kampfer.
18:40 of 3rd period - Deflect By Jake Marchment.
18:40 of 3rd period - Stopped by Dustin Tokarski without a rebound.
18:41 of 3rd period - Nick Cousins wins face-off versus Samuel Blais in Gangsters zone.
18:42 of 3rd period - Snap shot by Joseph Blandisi.
18:42 of 3rd period - Shot Misses the Net.
18:44 of 3rd period - Slapshot by Joseph Blandisi.
18:44 of 3rd period - Stopped by Dustin Tokarski with a rebound.
18:46 of 3rd period - Snap shot by Erik Condra.
18:46 of 3rd period - Stopped by Dustin Tokarski with a rebound.
18:48 of 3rd period - Snap shot by Nick Cousins.
18:48 of 3rd period - Shot Blocked by Derrick Pouliot.
18:50 of 3rd period - Slapshot by Jarred Tinordi.
18:50 of 3rd period - Shot Misses the Net.
18:52 of 3rd period - Wrist shot by Nick Cousins.
18:52 of 3rd period - Shot Blocked by Steven Santini.
19:56 of 3rd period - Minor Penalty to Joel Edmundson for Kneeing.
19:57 of 3rd period - Seth Griffith wins face-off versus Mark Mancari in Sewer Rats zone.
Goals for this period are 0 for Sewer Rats vs 1 for Gangsters.
Shots for this period are 12 for Sewer Rats vs 11 for Gangsters.